 Dungeon Crawl Stone Soup version bcrawl-1.23.3-19-gdc5968f444 (webtiles) character file.

Game seed: 3862505869287984412

895 Freyura the Agent of Entropy (level 7, 0/55 HPs)
             Began as a Demonspawn Abyssal Knight on June 6, 2020.
             Was a Priest of Lugonu.
             Killed by nerve-wracking pain
             ... invoked by an orc priest
              (1 damage)
             ... on level 5 of the Dungeon.
             The game lasted 00:12:43 (4126 turns).

Freyura the Agent of Entropy (DsAK)                 Turns: 4126, Time: 00:12:43

Health: 0/55       AC: 15    Str: 12    XL:     7   Next: 78%
Magic:  0/10       EV: 10    Int: 14    God:    Lugonu [***...]
Gold:   274        SH:  8    Dex: 14    Spells: 6/6 levels left

rFire    + . .     SeeInvis .   x - +1 mace (protect)
rCold    . . .     Gourm    .   j - +0 buckler
rNeg     . . .     Faith    .   o - +0 ring mail
rPois    .         Spirit   +   n - +2 hat
rElec    .         Reflect  +   p - +0 cloak
rCorr    .         Harm     .   (no gloves)
MR       .....                  (no boots)
Stlth    +.........             h - +3 amulet of reflection
HPRegen  0.18/turn              r - ring of protection from fire
MPRegen  0.24/turn              (no ring)

@: protection aura
A: antennae 2, powered by death 1, magic shield, magic regeneration
a: Depart the Abyss, Bend Space, Banish, Renounce Religion


You were on level 5 of the Dungeon.
You worshipped Lugonu.
Lugonu was most pleased with you.
You were not hungry.

You visited 1 branch of the dungeon, and saw 5 of its levels.
You visited the Abyss 1 time.

You collected 274 gold pieces.

Inventory:

Hand Weapons
 x - a +1 mace of protection (weapon)
Missiles
 c - 10 tomahawks of dispersal (quivered)
 d - 932 stones
 B - 2 throwing nets {!f}
Armour
 j - a +0 buckler (worn)
 n - a +2 hat (worn)
 o - a +0 ring mail (worn)
 p - a +0 cloak (worn)
 t - a +0 chain mail
Jewellery
 h - a +3 amulet of reflection (around neck)
 r - a ring of protection from fire (left hand)
Scrolls
 k - 2 scrolls of remove curse
 q - a scroll of immolation
 w - 2 scrolls of fear
 y - 2 scrolls of identify {unknown}
 A - a scroll of amnesia {unknown}
Potions
 a - a potion of brilliance {unknown}
 b - a potion of mutation {unknown}
 f - 2 potions of berserk rage {unknown}
 g - a potion of cancellation {unknown}
 i - 2 potions of heal wounds {unknown}
 l - a potion of lignification {unknown}
 m - 4 potions of curing
 s - a potion of agility {unknown}
 u - 4 potions of might {unknown}
 v - 4 potions of flight {unknown}
 z - a potion of haste {unknown}
Comestibles
 e - 8 rations {!d}


   Skills:
 + Level 4.4 Fighting
 * Level 4.7 Maces & Flails
 - Level 0.8 Throwing
 + Level 3.4 Armour
 + Level 3.0 Dodging
 + Level 2.7 Shields
 + Level 5.0 Invocations


You had 6 spell levels left.
You didn't know any spells.
Your spell library contained the following spells:

 Spells                   Type           Power        Failure   Level  Hunger
 Magic Dart               Conj           #...         80%         1    ##.....
 Searing Ray              Conj           #.......     90%         2    ###....
 Iskenderun's Mystic Bla  Conj           #.......     99%         3    ####...
 Fulminant Prism          Conj/Hex       #.........   100%        4    #####..
 Irradiate                Conj/Tmut      #.........   100%        5    ######.


Dungeon Overview and Level Annotations

Branches:
Dungeon (5/12)
 Temple: D:4-7

Altars:
Hepliaklqana
Kikubaaqudgha


Innate Abilities, Weirdness & Mutations

You have a pair of antennae on your head.
You regenerate a little health from kills.
When hurt, damage is shared between your health and your magic reserves.
You regenerate magic rapidly.


Message History

The magic dart hits you. You block the orc priest's attack.
The orc wizard hits you but does no damage.
You hit the orc priest.
The orc priest is lightly wounded.
The orc wizard hits you but does no damage.
You block the orc priest's attack.
You barely miss the orc priest.
The orc priest is lightly wounded.
The orc wizard hits you but does no damage.
You block the orc wizard's attack. The orc priest barely misses you.
Your ring mail prevents you from hitting the orc priest.
The orc priest is lightly wounded.
The orc wizard gestures wildly while chanting.
The orc wizard blinks!
The orc priest mumbles some strange prayers to Beogh against you.
Beogh smites you!
* * * LOW HITPOINT WARNING * * *
The orc priest calls down the wrath of Beogh upon you.
Pain shoots through your body!
You die...

.........# #.............#
.........# #..)..........#
.........# #.............#
.........# #.............#####
.........#####.................#
.......................#'##....#
.o..o...o..o..oo.......#..#....#
..............#o###....#..#....#
...######.....#@ยง.#....#..#....#
#.....#...#....#..##'#..
#.....#..o#....#.....#..
#.....#...#....#.....+..
####'##...#....#..##.#..
#.........#....#..##.###
#.........# #.......# #######...#
#.......# #...# #.......+


You could see 2 orc priests, an orc wizard and an orc.

Vanquished Creatures
  Menkaure (D:4)
  Duvessa (D:4)
  A necrophage (D:5)
  An ogre (D:5)
  A centaur (D:4)
  Dowan (D:4)
  A scorpion (D:5)
  2 centaur skeletons (D:5)
  A jelly (D:5)
  2 iguanas
  2 worker ants
  3 adders
  An ooze (D:3)
  An adder zombie (D:5)
  2 worms (D:3)
  5 dart slugs
  A leopard gecko (D:1)
  6 orcs
  A ball python (D:1)
  3 giant cockroaches
  13 goblins
  6 hobgoblins
  15 jackals
  5 bats
  5 frilled lizards
  12 kobolds
  A quokka skeleton (D:5)
  7 rats
101 creatures vanquished.

Notes
Turn   | Place    | Note
-------+----------+-------------------------------------------
     0 | Abyss:1  | Freyura the Demonspawn Abyssal Knight began the quest for
                  | the Orb.
     0 | Abyss:1  | Reached XP level 1. HP: 18/18 MP: 2/2
    12 | D:1      | Escaped the Abyss
    84 | D:1      | Reached skill level 1 in Dodging
   190 | D:1      | Gained mutation: When hurt, damage is shared between your
                  | health and your magic reserves. [demonic ancestry]
   190 | D:1      | Reached XP level 2. HP: 24/24 MP: 4/4
   481 | D:1      | Reached ** piety under Lugonu
   496 | D:1      | Reached skill level 3 in Invocations
   583 | D:1      | Gained mutation: You regenerate magic rapidly. [demonic
                  | ancestry]
   583 | D:1      | Reached XP level 3. HP: 22/29 MP: 5/5
  1020 | D:2      | Gained mutation: You have a pair of small antennae on your
                  | head. [demonic ancestry]
  1020 | D:2      | Reached XP level 4. HP: 19/35 MP: 3/6
  1170 | D:2      | Reached *** piety under Lugonu
  1291 | D:2      | Reached skill level 1 in Shields
  1560 | D:2      | Found an ancient bone altar of Kikubaaqudgha.
  2218 | D:3      | Reached XP level 5. HP: 41/41 MP: 7/7
  2511 | D:3      | Found a hazy altar of Hepliaklqana.
  2694 | D:4      | Noticed Dowan
  2695 | D:4      | Noticed Duvessa
  2704 | D:4      | Killed Duvessa
  2717 | D:4      | Killed Dowan
  2717 | D:4      | Reached skill level 4 in Invocations
  2717 | D:4      | Gained mutation: You regenerate a little health from kills.
                  | [demonic ancestry]
  2717 | D:4      | Reached XP level 6. HP: 29/48 MP: 5/9
  3202 | D:4      | Noticed Menkaure
  3220 | D:4      | Killed Menkaure
  3503 | D:4      | Gained mutation: You have a pair of antennae on your head.
                  | [demonic ancestry]
  3503 | D:4      | Reached XP level 7. HP: 43/54 MP: 10/10
  3563 | D:5      | Entered Level 5 of the Dungeon
  4039 | D:5      | Reached skill level 5 in Invocations
  4126 | D:5      | HP: 1/55 [orc priest/divine providence (9)]
  4126 | D:5      | Killed from afar by an orc priest

Skill      XL: |  1  2  3  4  5  6  7 |
---------------+----------------------+-----
Maces & Flails | 2 3 4 |  4.7
Dodging        | 1 2 3 |  3.0
Armour         | 2 3 |  3.4
Invocations    | 3 4 5 |  5.0
Shields        | 1 2 |  2.7
Fighting       | 4 |  4.4
Throwing       | |  0.8

Action                   |  1- 3 |  4- 6 |  7- 9 || total
-------------------------+-------+-------+-------++-------
Melee: Mace              |   129 |   151 |    81 ||   361
  Use: Scroll            |       |     6 |       ||     6
       Potion            |       |     1 |       ||     1
  Eat: Chunk             |       |     5 |     2 ||     7
       Ration            |       |     1 |       ||     1
Armor: Leather armour    |     8 |       |       ||     8
       Ring mail         |    39 |    48 |    35 ||   122
Dodge: Dodged            |    75 |    57 |    27 ||   159
Block: Other             |     4 |       |       ||     4
       Buckler           |    52 |    63 |    33 ||   148
       Reflection        |     1 |     1 |       ||     2
